[Event "Titled Tuesday Blitz July 11 Late 2023"]
[White "Daianu, Cristian-Clement"]
[Black "Domingo Nunez, Ruben"]
[WhiteFideId "1208926"]
[BlackFideId "22245570"]
[WhiteElo "2307"]
[BlackElo "2556"]
[Result "1-0"]
[Round "3"]
[TimeControl "180+2"]
[Date "2023.07.11"]
[WhiteClock "0:01:34"]
[BlackClock "0:00:00"]
[Board "156"]

1. c4 g6 2. d3 Bg7 3. Nf3 c5 4. Nc3 d6 5. a3 Nc6 6. e3 e6 7. Be2 Nge7 8. O-O O-O 9. Qc2 b6 10. b3 Bb7 11. Bb2 f5 12. Rad1 h6 13. d4 Qb8 14. Rfe1 a6 15. Bf1 Qc7 16. h3 Rae8 17. Ne2 g5 18. dxc5 dxc5 19. Bxg7 Kxg7 20. e4 f4 21. e5 Nf5 22. Nc3 Rd8 23. Ne4 Ncd4 24. Nxd4 Rxd4 25. Nf6 Kh8 26. Bd3 Nh4 27. Be4 Bxe4 28. Rxe4 Rfd8 29. Rexd4 cxd4 30. b4 Nf5 31. Qe4 Qxc4 32. Qb7 Ng7 33. Qf7 Qc2 34. Rxd4 Rc8 35. Rd7 1-0


[Site "https://www.chess.com"]

[Event "Titled Tuesday Blitz July 11 Late 2023"]
[White "Zubarev, Alexander"]
[Black "Da Matta, Eduardo Cesar"]
[WhiteFideId "14104385"]
[BlackFideId "2193108"]
[WhiteElo "2554"]
[BlackElo "2303"]
[Result "1-0"]
[Round "3"]
[TimeControl "180+2"]
[Date "2023.07.11"]
[WhiteClock "0:00:24"]
[BlackClock "0:01:02"]
[Board "157"]

1. e4 c5 2. Nc3 e6 3. d4 cxd4 4. Qxd4 Nc6 5. Qd3 Nf6 6. Bf4 Bb4 7. O-O-O O-O 8. Bd6 Bxd6 9. Qxd6 Qa5 10. f4 Qb4 11. Qxb4 Nxb4 12. a3 Nc6 13. Nf3 Ng4 14. Rd2 Ne3 15. Bb5 a6 16. Bxc6 bxc6 17. b3 Ng4 18. h3 Nf6 19. Ne5 Ra7 20. Rhd1 Nh5 21. Rf2 Rc7 22. Rd6 Nf6 23. Rfd2 Ne8 24. Rxd7 Bxd7 25. Nxd7 Nf6 26. Nxf8 Kxf8 27. Rd8+ Ke7 28. Ra8 Nh5 29. Ne2 e5 30. f5 Nf4 31. Nxf4 exf4 32. Rxa6 Kf6 33. Ra5 c5 34. Kd2 Ke5 35. Ra4 Rd7+ 36. Ke2 Rd4 37. Rxd4 Kxd4 38. Kf3 Kc3 39. a4 Kxc2 40. a5 Kxb3 41. a6 c4 42. a7 c3 43. a8=Q c2 44. Qa1 c1=Q 45. Qxc1 1-0


[Site "https://www.chess.com"]

[Event "Titled Tuesday Blitz July 11 Late 2023"]
[White "Bobkov, Vadim"]
[Black "Manon-og, Ramon Jr."]
[WhiteFideId "34110876"]
[BlackFideId "5200776"]
[WhiteElo "2535"]
[BlackElo "2299"]
[Result "1-0"]
[Round "3"]
[TimeControl "180+2"]
[Date "2023.07.11"]
[WhiteClock "0:00:05"]
[BlackClock "0:00:26"]
[Board "158"]

1. d4 Nf6 2. c4 g6 3. Nc3 d5 4. Bf4 Bg7 5. e3 O-O 6. cxd5 Nxd5 7. Nxd5 Qxd5 8. Bxc7 e5 9. dxe5 Qe4 10. Nf3 Bg4 11. Be2 Nc6 12. O-O Nxe5 13. Nxe5 Bxe2 14. Qxe2 Bxe5 15. Bxe5 Qxe5 16. h3 Rfd8 17. Rfd1 Rac8 18. Rac1 Qa5 19. Rxc8 Rxc8 20. a3 Qa4 21. Rd2 Rc1+ 22. Kh2 Qe4 23. Qf3 Qxf3 24. gxf3 Rc7 25. Kg3 Kg7 26. f4 Kf6 27. e4 Ke6 28. Kf3 h5 29. Ke3 a5 30. Rd5 Rc2 31. Rb5 a4 32. Rxb7 Rc1 33. Kf3 Rh1 34. Kg2 Rb1 35. Rb4 Kf6 36. Kf3 Rh1 37. Kg2 Rb1 38. Rb6+ Ke7 39. f5 gxf5 40. exf5 h4 41. Kf3 Rh1 42. Kg4 Rf1 43. f4 Rf2 44. f6+ Kd7 45. Rb4 Ke6 46. Rb6+ Kd7 47. Kxh4 Rxf4+ 48. Kg5 Rf2 49. h4 Rg2+ 50. Kh6 Kc7 51. Ra6 Kb7 52. Rxa4 Rg6+ 53. Kh7 Rxf6 54. Rb4+ Kc7 55. h5 Rf1 56. h6 f5 57. Kg7 Rh1 58. h7 Rg1+ 59. Kf6 Rh1 60. Kg6 Kc6 61. Kg7 Rg1+ 62. Kf8 Rh1 63. Kg8 Rg1+ 64. Kf8 Rh1 65. Kg7 Rg1+ 66. Kh6 Rh1+ 67. Kg6 Rg1+ 68. Kxf5 Rh1 69. Kg6 Rg1+ 70. Kf6 Rh1 71. Kg6 Rg1+ 72. Kh5 Rh1+ 73. Rh4 Rg1 74. h8=Q 1-0


[Site "https://www.chess.com"]

[Event "Titled Tuesday Blitz July 11 Late 2023"]
[White "OllieAr"]
[Black "Janaszak, Dawid"]
[BlackFideId "1119206"]
[WhiteElo "2297"]
[BlackElo "2533"]
[Result "0-1"]
[Round "3"]
[TimeControl "180+2"]
[Date "2023.07.11"]
[WhiteClock "0:00:00"]
[BlackClock "0:00:22"]
[Board "159"]

1. Nf3 e5 2. Nxe5 Nc6 3. Nxc6 dxc6 4. g3 h5 5. h4 Bg4 6. Bg2 Qd7 7. d3 Bc5 8. O-O O-O-O 9. c3 Ne7 10. b4 Bd6 11. Nd2 g5 12. hxg5 h4 13. Ne4 hxg3 14. fxg3 Bh3 15. Nxd6+ cxd6 16. Rf2 Qg4 17. Bf4 Bxg2 18. Rxg2 Ng6 19. e4 Qh3 20. Qf1 d5 21. e5 d4 22. c4 Qf5 23. Qf3 Rh3 24. Qe4 Qe6 25. Rb1 Rdh8 26. Kf2 Ne7 27. b5 c5 28. a4 Rh1 29. Rxh1 Rxh1 30. a5 Ra1 31. a6 bxa6 32. Qa8+ Kd7 33. Qxa7+ Kd8 34. Qxc5 Qg4 35. Qb6+ Ke8 36. e6 Ra2+ 37. Kg1 Ra1+ 38. Kf2 fxe6 39. Qb8+ Kf7 40. Qe5 axb5 41. Qf6+ Ke8 42. Bd6 Ra2+ 43. Kg1 Qd1+ 44. Kh2 Qh5+ 45. Kg1 Rxg2+ 46. Kxg2 Qe2+ 47. Kh3 Nf5 48. Qf8+ Kd7 49. Bc5 Qh5+ 50. Kg2 Qe2+ 51. Kh3 bxc4 52. Qf7+ Kc6 53. dxc4 d3 54. Be7 d2 55. Qe8+ Kb6 56. Bd8+ Kb7 57. Qd7+ Ka6 58. Qb5+ Ka7 0-1


[Site "https://www.chess.com"]

[Event "Titled Tuesday Blitz July 11 Late 2023"]
[White "Hoffmann, Asa"]
[Black "Chen, Max"]
[WhiteFideId "2001470"]
[BlackFideId "2622440"]
[WhiteElo "2294"]
[BlackElo "2531"]
[Result "0-1"]
[Round "3"]
[TimeControl "180+2"]
[Date "2023.07.11"]
[WhiteClock "0:00:38"]
[BlackClock "0:01:09"]
[Board "160"]

1. d4 Nf6 2. Bg5 d5 3. Nd2 Bf5 4. e3 e6 5. f4 h6 6. Bh4 Be7 7. Ngf3 Nbd7 8. Be2 O-O 9. O-O c5 10. c3 Ng4 11. Bf2 Nxf2 12. Rxf2 Nf6 13. h3 Ne4 14. Nxe4 Bxe4 15. Bd3 Rc8 16. Bxe4 dxe4 17. Nd2 f5 18. Qb3 Qb6 19. Qxb6 axb6 20. Rc1 Bf6 21. Nc4 cxd4 22. Nxb6 dxe3 23. Re2 Rc7 24. Rxe3 Bd4 25. cxd4 Rxc1+ 26. Kh2 Rc6 27. Nd7 Rd8 28. Ne5 Rc2 29. Rb3 Rxd4 30. Rxb7 Rdd2 31. Kg3 Rxg2+ 32. Kh4 Rh2 33. a4 Rcg2 34. a5 e3 35. a6 e2 36. Nf3 Rg4+ 37. Kh5 Rxh3+ 0-1


[Site "https://www.chess.com"]

[Event "Titled Tuesday Blitz July 11 Late 2023"]
[White "Papayan, Oleg"]
[Black "Al Mukhaini, Shima"]
[WhiteFideId "4193911"]
[BlackFideId "22005854"]
[WhiteElo "2504"]
[BlackElo "2293"]
[Result "1/2-1/2"]
[Round "3"]
[TimeControl "180+2"]
[Date "2023.07.11"]
[WhiteClock "0:00:13"]
[BlackClock "0:00:18"]
[Board "161"]

1. e4 d5 2. exd5 Nf6 3. Nf3 Nxd5 4. d4 Bf5 5. c4 Nb4 6. Na3 e6 7. Be2 Be7 8. O-O O-O 9. Be3 N8c6 10. h3 h6 11. Qd2 Bf6 12. Rfd1 Qe7 13. Nb5 Nc2 14. Rac1 Nxe3 15. Qxe3 a6 16. Nc3 Rad8 17. Ne4 Bxe4 18. Qxe4 Rd7 19. Ne5 Bxe5 20. dxe5 Rfd8 21. Kf1 Nd4 22. Bd3 g6 23. Qxb7 c6 24. Qxa6 Qg5 25. Qa5 Qf4 26. Qd2 Qh2 27. Ke1 Qg1+ 28. Bf1 Nf3+ 29. gxf3 Rxd2 30. Rxd2 Rxd2 31. Kxd2 Qxf2+ 32. Be2 Qd4+ 33. Kc2 Qxe5 34. Bd3 Qh2+ 35. Kc3 Qxh3 36. a4 Qxf3 37. Ra1 c5 38. a5 Qf6+ 39. Kc2 Qf2+ 40. Kc3 Qd4+ 41. Kc2 e5 42. a6 e4 43. Be2 Qe3 44. Bf1 Qf2+ 45. Kb3 Qf3+ 46. Kc2 Qf2+ 47. Kc3 Qe3+ 48. Kc2 Qf2+ 1/2-1/2


[Site "https://www.chess.com"]

[Event "Titled Tuesday Blitz July 11 Late 2023"]
[White "Freile Martin, Javier"]
[Black "WindWhistler11"]
[WhiteFideId "3600165"]
[WhiteElo "2281"]
[BlackElo "2492"]
[Result "1-0"]
[Round "3"]
[TimeControl "180+2"]
[Date "2023.07.11"]
[WhiteClock "0:00:49"]
[BlackClock "0:00:04"]
[Board "162"]

1. c4 f5 2. Nc3 Nf6 3. d4 d6 4. Nf3 g6 5. g3 Bg7 6. Bg2 O-O 7. O-O Nc6 8. d5 Ne5 9. Qb3 Nfd7 10. Nxe5 Bxe5 11. Be3 f4 12. Bd2 Nc5 13. Qa3 a5 14. b4 Nd7 15. c5 axb4 16. Qxa8 bxc3 17. Bxf4 Bxf4 18. gxf4 Nxc5 19. Rac1 Qd7 20. Rxc3 Rxf4 21. Qb8 Rg4 22. Kh1 Rg5 23. Bh3 e6 24. dxe6 Nxe6 25. Rxc7 Qxc7 26. Bxe6+ 1-0


[Site "https://www.chess.com"]

[Event "Titled Tuesday Blitz July 11 Late 2023"]
[White "Georg, Heinz"]
[Black "Reprintsev, Alexander"]
[WhiteFideId "4607295"]
[BlackFideId "14100541"]
[WhiteElo "2269"]
[BlackElo "2486"]
[Result "1-0"]
[Round "3"]
[TimeControl "180+2"]
[Date "2023.07.11"]
[WhiteClock "0:00:19"]
[BlackClock "0:00:00"]
[Board "163"]

1. c4 e5 2. Nc3 Bb4 3. Nf3 Bxc3 4. bxc3 d6 5. g3 c5 6. Bg2 Nc6 7. O-O Nf6 8. d4 Qc7 9. Bg5 Ne4 10. Qd3 Nxg5 11. Nxg5 cxd4 12. Nxh7 dxc3 13. Ng5 Nd4 14. e3 Bf5 15. Ne4 Bxe4 16. Bxe4 f5 17. Bd5 Nc6 18. Qxf5 Qe7 19. Rac1 Qf6 20. Qe4 Qh6 21. Qg2 Nb4 22. Bxb7 Rb8 23. Be4 c2 24. Bxc2 Nxc2 25. Rxc2 O-O 26. Rd1 Rb6 27. Qd5+ Kh8 28. Qe4 Ra6 29. Qh4 Qxh4 30. gxh4 Rf6 31. Kg2 Rg6+ 32. Kf3 Rf6+ 33. Ke4 Kh7 34. Rd5 Kh6 35. c5 1-0


[Site "https://www.chess.com"]

[Event "Titled Tuesday Blitz July 11 Late 2023"]
[White "Fominykh, Maria"]
[Black "Mei, Austin"]
[WhiteFideId "4142411"]
[BlackFideId "30948479"]
[WhiteElo "2259"]
[BlackElo "2482"]
[Result "0-1"]
[Round "3"]
[TimeControl "180+2"]
[Date "2023.07.11"]
[WhiteClock "0:00:00"]
[BlackClock "0:00:09"]
[Board "164"]

1. d4 f5 2. Bg5 h6 3. Bh4 g5 4. Bg3 Nf6 5. e3 Bg7 6. c4 d6 7. Nc3 Nc6 8. h4 g4 9. Nge2 e5 10. dxe5 dxe5 11. Qxd8+ Kxd8 12. O-O-O+ Bd7 13. h5 Ke8 14. Nb5 Rc8 15. Nec3 a6 16. Na3 Rd8 17. c5 Be6 18. Bc4 Ke7 19. Bh4 Kf7 20. Bxe6+ Kxe6 21. Rxd8 Rxd8 22. Nc4 Rd7 23. Bg3 Nd5 24. Na4 Ndb4 25. a3 Nd3+ 26. Kc2 f4 27. Bh4 e4 28. exf4 Nxf4 29. g3 Nd4+ 30. Kb1 Nd3 31. Nc3 Kf5 32. Rf1 Nf3 33. Ne3+ Ke5 34. Rd1 Nh2 35. Rh1 Nf3 36. Nxg4+ Kf5 37. Ne3+ Ke6 38. Rd1 Bxc3 39. bxc3 Nxf2 40. Rxd7 Kxd7 41. Nf5 Ng4 42. Kc2 Ke6 43. Nd4+ Nxd4+ 44. cxd4 Kd5 45. Kc3 Ne3 46. Bd8 c6 47. Bc7 Nf5 48. Bf4 Nxd4 49. Bxh6 Ne2+ 50. Kd2 Nxg3 51. Be3 Nxh5 52. Kc3 Ng3 53. Kb4 Nf5 54. Bg1 e3 55. Kc3 Ke4 56. Bh2 e2 57. Kd2 Kf3 58. Ke1 Nd4 0-1


[Site "https://www.chess.com"]

[Event "Titled Tuesday Blitz July 11 Late 2023"]
[White "Alboredo, Julia"]
[Black "Quirke, Jeffrey"]
[WhiteFideId "2124807"]
[BlackFideId "2013029"]
[WhiteElo "2464"]
[BlackElo "2248"]
[Result "1-0"]
[Round "3"]
[TimeControl "180+2"]
[Date "2023.07.11"]
[WhiteClock "0:00:37"]
[BlackClock "0:00:03"]
[Board "166"]

1. e4 c5 2. Nf3 g6 3. d4 cxd4 4. Nxd4 Nf6 5. Nc3 d6 6. Be2 Bg7 7. O-O O-O 8. Bg5 Nbd7 9. Re1 a6 10. Bf1 Qc7 11. Nd5 Nxd5 12. exd5 Nf6 13. c4 Re8 14. Rc1 a5 15. Nb5 Qb6 16. Be3 Qd8 17. Bd4 Nd7 18. h4 h5 19. g3 Bxd4 20. Qxd4 Nc5 21. Bd3 Bd7 22. Nc3 Bg4 23. Kg2 Qd7 24. f3 Bf5 25. Bxf5 Qxf5 26. Ne4 Nxe4 27. Rxe4 Qd7 28. Rce1 Rac8 29. g4 hxg4 30. fxg4 b5 31. b3 bxc4 32. bxc4 Rb8 33. h5 Qa4 34. hxg6 Qxa2+ 35. R1e2 Qb1 36. gxf7+ Kxf7 37. Rf2+ Kg8 38. Qe3 Rb2 39. Qg5+ Kh8 40. Qh5+ Kg7 41. Qf7+ Kh6 42. Re6+ Kg5 43. Qf4+ Kh4 44. Qh2+ Kg5 45. Qh5# 1-0


[Site "https://www.chess.com"]

[Event "Titled Tuesday Blitz July 11 Late 2023"]
[White "Alexikov, Alexander"]
[Black "Nunez V, Gustavo Eduardo"]
[WhiteFideId "14103958"]
[BlackFideId "4403690"]
[WhiteElo "2246"]
[BlackElo "2440"]
[Result "0-1"]
[Round "3"]
[TimeControl "180+2"]
[Date "2023.07.11"]
[WhiteClock "0:00:00"]
[BlackClock "0:00:10"]
[Board "167"]

1. e4 c5 2. Nf3 Nc6 3. d4 cxd4 4. Nxd4 e5 5. Nb5 a6 6. Nd6+ Bxd6 7. Qxd6 Qf6 8. Qd1 Qg6 9. Nc3 Nge7 10. Be3 d6 11. Qd2 Be6 12. O-O-O Rd8 13. f3 f5 14. exf5 Nxf5 15. Bd3 Qf7 16. Bb6 Rd7 17. Kb1 O-O 18. b3 d5 19. Na4 e4 20. Be2 e3 21. Qc1 d4 22. Nc5 Nb4 23. Nxe6 Qxe6 24. Bc5 Nd5 25. Bxf8 Nc3+ 26. Ka1 Nxe2 27. Qa3 Nc3 28. Rd3 e2 29. Re1 Nb5 30. Qb4 b6 31. Qd2 Kxf8 32. Rxe2 Qf7 33. Qf4 Ne3 34. Qb8+ Qe8 35. Qxb6 Re7 36. a4 Nc7 0-1


[Site "https://www.chess.com"]

[Event "Titled Tuesday Blitz July 11 Late 2023"]
[White "Sarkar, Justin"]
[Black "Pein, Jonathan"]
[WhiteFideId "2010011"]
[BlackFideId "417092"]
[WhiteElo "2242"]
[BlackElo "2427"]
[Result "0-1"]
[Round "3"]
[TimeControl "180+2"]
[Date "2023.07.11"]
[WhiteClock "0:00:00"]
[BlackClock "0:01:08"]
[Board "168"]

1. d4 d6 2. c4 Nf6 3. Nc3 g6 4. e4 Bg7 5. f3 Nbd7 6. Nge2 O-O 7. Be3 c5 8. Qd2 a6 9. Nc1 cxd4 10. Bxd4 Ne5 11. Be2 Be6 12. b3 Rc8 13. O-O Re8 14. Rb1 Qa5 15. Rd1 h5 16. f4 Nc6 17. Be3 Ng4 18. Nd5 Bxd5 19. Bxg4 Qxd2 20. Rxd2 Bxe4 21. Bxc8 Bxb1 22. Bxb7 Na5 23. Bxa6 Ra8 24. Bb5 Be4 25. Kf2 h4 26. Bd4 Bh6 27. g3 Nb7 28. Re2 f5 29. Bd7 Nc5 30. Bxc5 dxc5 31. a4 hxg3+ 32. hxg3 Rd8 0-1


[Site "https://www.chess.com"]

[Event "Titled Tuesday Blitz July 11 Late 2023"]
[White "Kohler, Aran"]
[Black "Bouget, Alexandre"]
[WhiteFideId "1002856"]
[BlackFideId "681318"]
[WhiteElo "2232"]
[BlackElo "2415"]
[Result "1-0"]
[Round "3"]
[TimeControl "180+2"]
[Date "2023.07.11"]
[WhiteClock "0:00:13"]
[BlackClock "0:00:01"]
[Board "169"]

1. d4 g6 2. c3 Bg7 3. Bg5 d6 4. e3 Nd7 5. Nd2 c5 6. Bd3 b6 7. Ngf3 Bb7 8. Qe2 Qc7 9. h4 h6 10. Bf4 e5 11. dxe5 dxe5 12. Bg3 O-O-O 13. e4 Ngf6 14. Ba6 Nh5 15. Bxb7+ Kxb7 16. O-O f5 17. Nc4 f4 18. Bh2 Bf6 19. a4 Ng7 20. g3 g5 21. Rfd1 g4 22. Nfd2 f3 23. Qf1 Be7 24. Ne3 Nf6 25. a5 Kb8 26. axb6 axb6 27. Qa6 Qb7 28. Qa2 Bd6 29. Nd5 Nxd5 30. exd5 Bc7 31. c4 Nf5 32. Ne4 Nd4 33. Kh1 Rd7 34. Rd3 Nc2 35. Ra3 Nxa1 36. Qxa1 Bd8 37. Rb3 Rhh7 38. Nxc5 bxc5 39. Rxb7+ Rxb7 40. b4 Bf6 41. bxc5 Ra7 42. Qe1 Rhb7 43. Bg1 Rb2 44. c6 Rba2 45. Qe4 Ra1 46. Qg6 Bd8 47. Qe8 Kc8 48. Qe6+ Kb8 49. Qxe5+ Bc7 50. Qe8+ Bd8 51. Qxd8# 1-0


[Site "https://www.chess.com"]

[Event "Titled Tuesday Blitz July 11 Late 2023"]
[White "Khairat , Ahmed"]
[Black "Sala, Giulia"]
[WhiteFideId "10624171"]
[BlackFideId "2840451"]
[WhiteElo "2412"]
[BlackElo "2218"]
[Result "0-1"]
[Round "3"]
[TimeControl "180+2"]
[Date "2023.07.11"]
[WhiteClock "0:01:17"]
[BlackClock "0:01:45"]
[Board "170"]

1. e4 e6 2. d4 d5 3. Nc3 Nf6 4. e5 Nfd7 5. f4 c5 6. Nf3 Nc6 7. Be3 Qb6 8. Qd2 a6 9. Be2 Qxb2 10. O-O Qa3 11. Rab1 Qa5 12. f5 cxd4 13. Nxd4 Nxd4 14. Bxd4 Bc5 15. fxe6 fxe6 16. Kh1 Bxd4 17. Qxd4 Qc5 18. Qg4 Qxc3 19. Qxg7 Qxe5 20. Qf7+ Kd8 21. Rfe1 Qf6 22. Qh5 Qg6 23. Qf3 Rf8 24. Qa3 Rf2 25. Bf3 b6 26. c4 Bb7 27. cxd5 Bxd5 28. Bxd5 exd5 29. Qh3 Rc8 30. Rbd1 Rcc2 31. Rxd5 Qxg2+ 32. Qxg2 Rxg2 33. Rh5 Rxa2 34. Rxh7 Rge2 35. Rd1 Rad2 36. Rg1 a5 37. Rb1 a4 38. Rh4 a3 39. Ra1 a2 40. Kg1 Rb2 41. Kf1 Rec2 0-1


[Site "https://www.chess.com"]

[Event "Titled Tuesday Blitz July 11 Late 2023"]
[White "Thiel, Thomas"]
[Black "Haitin, Ilja"]
[WhiteFideId "4615964"]
[BlackFideId "4501764"]
[WhiteElo "2217"]
[BlackElo "2410"]
[Result "0-1"]
[Round "3"]
[TimeControl "180+2"]
[Date "2023.07.11"]
[WhiteClock "0:00:48"]
[BlackClock "0:01:59"]
[Board "171"]

1. e4 e6 2. d4 d5 3. Nc3 Be7 4. Qg4 g5 5. e5 h5 6. Qd1 c5 7. Bb5+ Bd7 8. Nge2 a6 9. Bxd7+ Qxd7 10. Be3 Nc6 11. Qd2 cxd4 12. Bxd4 Nxd4 13. Nxd4 Nh6 14. O-O-O Rc8 15. Kb1 Bb4 16. Nde2 Rg8 17. Qd4 Bc5 18. Qd3 Ng4 19. Qh7 Rf8 20. Rhf1 Nxh2 21. Rh1 Ng4 22. Rdf1 Nxe5 23. Rxh5 Nc4 24. Rxg5 Nd2+ 0-1


[Site "https://www.chess.com"]

[Event "Titled Tuesday Blitz July 11 Late 2023"]
[White "Broca Jimenez, Fernando"]
[Black "Gertler, David"]
[WhiteFideId "5104742"]
[BlackFideId "2017377"]
[WhiteElo "2216"]
[BlackElo "2408"]
[Result "1-0"]
[Round "3"]
[TimeControl "180+2"]
[Date "2023.07.11"]
[WhiteClock "0:00:15"]
[BlackClock "0:00:00"]
[Board "172"]

1. Nf3 d6 2. b3 e5 3. Bb2 f5 4. d3 Nf6 5. Nbd2 Be7 6. e4 fxe4 7. dxe4 a6 8. a4 O-O 9. Bc4+ Kh8 10. Ng5 Qe8 11. O-O c6 12. Ne6 Bxe6 13. Bxe6 Nbd7 14. Nf3 Nc5 15. Bh3 Ncxe4 16. Qe2 Qg6 17. Nh4 Qg5 18. g3 Qh5 19. f3 Ng5 20. Bg2 e4 21. Nf5 Rae8 22. g4 Qf7 23. Rad1 exf3 24. Bxf3 Nxf3+ 25. Rxf3 Nxg4 26. Rdf1 Nf6 27. Kh1 Qd5 28. Qg2 Nh5 29. Nxe7 Rxe7 30. Rxf8+ 1-0


[Site "https://www.chess.com"]

[Event "Titled Tuesday Blitz July 11 Late 2023"]
[White "Bazzano, Sebastian"]
[Black "Kanyamarala, Trisha"]
[WhiteFideId "104566"]
[BlackFideId "45004722"]
[WhiteElo "2209"]
[BlackElo "2407"]
[Result "1-0"]
[Round "3"]
[TimeControl "180+2"]
[Date "2023.07.11"]
[WhiteClock "0:00:01"]
[BlackClock "0:01:29"]
[Board "173"]

1. d4 Nf6 2. Bf4 d5 3. e3 c5 4. c3 e6 5. Nd2 Nc6 6. Ngf3 Bd6 7. Bg3 O-O 8. Bd3 Qe7 9. O-O e5 10. dxe5 Nxe5 11. Nxe5 Bxe5 12. Bxe5 Qxe5 13. Nf3 Qc7 14. h3 h6 15. Rc1 Be6 16. Qe2 Rfe8 17. Rfd1 Rad8 18. a3 Ne4 19. c4 f5 20. cxd5 Bxd5 21. Bc4 Bxc4 22. Qxc4+ Kh7 23. Rxd8 Rxd8 24. Qe6 Qb6 25. Qxf5+ Qg6 26. Qf4 b6 27. Ne5 Qg5 28. Qxe4+ Kg8 29. Nf3 Qf6 30. Rc2 Qd6 31. Rd2 Qf6 32. Rxd8+ Qxd8 33. Qe6+ Kh7 34. Ne5 Qd1+ 35. Kh2 Qh5 36. g4 Qh4 37. Qf5+ Kg8 38. Qf7+ Kh7 39. Ng6 Qg5 40. Ne7 Qe5+ 41. f4 Qxb2+ 42. Kg3 Qe2 43. Qg8# 1-0


[Site "https://www.chess.com"]

[Event "Titled Tuesday Blitz July 11 Late 2023"]
[White "Carrasco Miranda, Andres"]
[Black "KSho99"]
[WhiteFideId "3405990"]
[WhiteElo "2406"]
[BlackElo "2208"]
[Result "0-1"]
[Round "3"]
[TimeControl "180+2"]
[Date "2023.07.11"]
[WhiteClock "0:00:16"]
[BlackClock "0:00:07"]
[Board "174"]

1. d4 d5 2. c4 dxc4 3. e4 b5 4. a4 c6 5. Nf3 e6 6. b3 Nf6 7. bxc4 Nxe4 8. axb5 cxb5 9. cxb5 Bb4+ 10. Nbd2 O-O 11. Bd3 Nxd2 12. Bxd2 Bxd2+ 13. Qxd2 Bb7 14. Ng5 h6 15. Be4 Qd7 16. Bxb7 Qxb7 17. Nf3 Qxb5 18. Qe2 Qxe2+ 19. Kxe2 Nc6 20. Rhc1 Rfc8 21. Rc4 Kf8 22. Ra6 Ne7 23. Rca4 Rc7 24. Ne5 f6 25. Nd3 Kf7 26. Nc5 Rc6 27. Rxa7 Rxa7 28. Rxa7 Rd6 29. Nb3 Kf8 30. g3 Nf5 31. Kd3 Ne7 32. Kc4 Rc6+ 33. Nc5 Nd5 34. Kb5 Rd6 35. f4 Nc3+ 36. Kc4 Ne2 37. Ne4 Rxd4+ 38. Kc5 Rxe4 39. Ra8+ Kf7 40. Ra7+ Kg6 41. h4 Re3 42. h5+ Kxh5 43. Rxg7 Nxg3 44. Rf7 f5 45. Rf6 Re4 46. Kd6 Ne2 47. Rxe6 Rxe6+ 48. Kxe6 Kg4 49. Kf6 Nxf4 50. Ke5 Ng2 51. Kd4 f4 52. Kd3 Kg3 53. Ke2 f3+ 54. Kf1 Ne3+ 55. Kg1 f2+ 56. Kh1 f1=Q# 0-1


[Site "https://www.chess.com"]

[Event "Titled Tuesday Blitz July 11 Late 2023"]
[White "Lalanne, Pablo"]
[Black "Osmonbekov, Talaibek"]
[WhiteFideId "112151"]
[BlackFideId "2017253"]
[WhiteElo "2405"]
[BlackElo "2208"]
[Result "1-0"]
[Round "3"]
[TimeControl "180+2"]
[Date "2023.07.11"]
[WhiteClock "0:01:37"]
[BlackClock "0:00:26"]
[Board "175"]

1. e4 c5 2. Nf3 d6 3. d4 cxd4 4. Nxd4 Nf6 5. Nc3 g6 6. Be3 Bg7 7. f3 O-O 8. Qd2 Nc6 9. O-O-O d5 10. Kb1 e5 11. Nxc6 bxc6 12. exd5 cxd5 13. Nxd5 Nxd5 14. Qxd5 Qxd5 15. Rxd5 Be6 16. Rb5 f5 17. Be2 Rfe8 18. Rd1 f4 19. Bf2 Bf5 20. Bc4+ Kh8 21. Rb7 e4 22. fxe4 Bxe4 23. Rf7 Rab8 24. Bb3 a5 25. Rdd7 a4 26. Rxg7 axb3 27. Rxh7+ Kg8 28. Rdg7+ Kf8 29. Bc5+ Re7 30. Bxe7+ Ke8 31. Rg8+ Kd7 32. Rxb8 bxc2+ 33. Kc1 1-0


[Site "https://www.chess.com"]

[Event "Titled Tuesday Blitz July 11 Late 2023"]
[White "UgarteCesar"]
[Black "Nikologorsky, Matfei"]
[BlackFideId "24102474"]
[WhiteElo "2203"]
[BlackElo "2405"]
[Result "0-1"]
[Round "3"]
[TimeControl "180+2"]
[Date "2023.07.11"]
[WhiteClock "0:00:05"]
[BlackClock "0:00:53"]
[Board "176"]

1. d4 Nf6 2. Bg5 c5 3. Bxf6 gxf6 4. d5 Qb6 5. Qc1 Bg7 6. c3 d6 7. g3 Nd7 8. Nf3 Ne5 9. Nxe5 fxe5 10. Bg2 Bf5 11. Nd2 h5 12. h4 Bh6 13. e3 Bd3 14. Bf1 Bg6 15. a4 Qc7 16. Bb5+ Kf8 17. O-O Rg8 18. Qd1 Qc8 19. Be2 Qh3 20. Bxh5 Bxe3 21. Qg4 Qxg4 22. Bxg4 Bxd2 23. Bf3 Bh6 24. Kg2 Bf5 25. b4 Rc8 26. b5 c4 27. a5 Bd3 28. Rfe1 Bd2 29. Rh1 Bxc3 30. Ra2 Bd4 31. h5 Kg7 32. Rd2 Bf5 33. h6+ Kh7 34. Rh4 c3 0-1


[Site "https://www.chess.com"]

[Event "Titled Tuesday Blitz July 11 Late 2023"]
[White "Cardenas Carbajal, Nilson"]
[Black "Lopez Gracia, Fernando"]
[WhiteFideId "8401128"]
[BlackFideId "2207184"]
[WhiteElo "2153"]
[BlackElo "2403"]
[Result "0-1"]
[Round "3"]
[TimeControl "180+2"]
[Date "2023.07.11"]
[WhiteClock "0:00:02"]
[BlackClock "0:00:09"]
[Board "177"]

1. e4 c5 2. d4 cxd4 3. c3 Nf6 4. e5 Nd5 5. Nf3 e6 6. cxd4 d6 7. Bc4 Nb6 8. Bd3 Nc6 9. Qe2 dxe5 10. dxe5 Be7 11. O-O O-O 12. Nc3 Re8 13. Qe4 g6 14. h4 Nd5 15. h5 Nxc3 16. bxc3 Qd5 17. hxg6 hxg6 18. Qe3 Bc5 19. Qh6 Qxd3 20. Ng5 Qf5 21. Be3 Bb6 22. Rad1 Nxe5 23. Qh7+ Kf8 24. Qh6+ Ke7 25. Nh7 Bxe3 26. fxe3 Qh5 27. Qg7 Qh4 28. Qxf7+ Nxf7 29. Rxf7+ Kxf7 30. Rf1+ Kg7 31. Nf6 Qxf6 32. Rxf6 Kxf6 33. g4 e5 34. Kg2 e4 35. Kg3 Kg5 36. c4 Bxg4 0-1


[Site "https://www.chess.com"]

[Event "Titled Tuesday Blitz July 11 Late 2023"]
[White "Khouri, Ahmed Abbas"]
[Black "Balla, Tamas-Kristof"]
[WhiteFideId "9301518"]
[BlackFideId "1208497"]
[WhiteElo "2125"]
[BlackElo "2402"]
[Result "1/2-1/2"]
[Round "3"]
[TimeControl "180+2"]
[Date "2023.07.11"]
[WhiteClock "0:01:16"]
[BlackClock "0:00:05"]
[Board "178"]

1. e4 c5 2. Nf3 Nc6 3. Bb5 Nf6 4. Nc3 Nd4 5. O-O g6 6. d3 Bg7 7. Nxd4 cxd4 8. Ne2 a6 9. Ba4 b5 10. Bb3 d5 11. e5 Ng4 12. f4 Ne3 13. Bxe3 dxe3 14. d4 O-O 15. Qd3 a5 16. a4 b4 17. Qxe3 Ba6 18. f5 gxf5 19. Rxf5 e6 20. Rf3 Kh8 21. Raf1 Ra7 22. Rg3 f6 23. exf6 Rxf6 24. Rgf3 Raf7 25. R1f2 Rxf3 26. Rxf3 Rxf3 27. Qxf3 Qh4 28. g3 Bxd4+ 29. Kg2 Qf6 30. Nf4 Be5 31. Qh5 Bxf4 32. gxf4 Qxf4 33. Qe8+ Kg7 34. Qxe6 Qe4+ 35. Qxe4 dxe4 36. Bd5 e3 37. Kf3 e2 38. Kf2 Kf6 39. Bf3 e1=Q+ 40. Kxe1 Ke5 41. Kd2 Kf4 42. Bg2 h5 43. c3 bxc3+ 44. bxc3 Bc4 45. Kc2 Ke3 46. Bc6 Kf2 47. h3 Kg3 48. Bd7 h4 49. Kd2 Bf1 50. Ke3 Bc4 51. Bc6 Kxh3 52. Kd4 Ba2 53. Kc5 Kg3 54. Kb6 h3 55. Kxa5 h2 56. Kb6 Be6 57. a5 Bh3 58. a6 Bg2 59. Bxg2 Kxg2 60. Ka7 h1=Q 61. Kb8 Qh8+ 62. Kb7 Qg7+ 63. Kb8 Qf8+ 64. Kb7 Qe7+ 65. Kb8 Qd7 66. a7 Qb5+ 67. Ka8 Kf3 68. c4 Qb6 69. c5 Qb5 70. c6 Ke4 71. c7 Qc6+ 72. Kb8 Qb6+ 73. Ka8 Qa6 74. Kb8 Qb6+ 75. Ka8 Qc6+ 76. Kb8 Qb5+ 77. Ka8 Qc5 78. Kb8 Qb6+ 1/2-1/2


[Site "https://www.chess.com"]